 Dungeon Crawl Stone Soup version 0.29.1-12-g30fa7ad0bf (webtiles) character file.

Game seed: 8172667669288139581

172 wormed the Cudgeller (level 5, -1/42 HPs)
             Began as a Demonspawn Berserker on Dec 24, 2022.
             Was a Priest of Trog.
             Slain by a gnoll
             ... wielding a +0 flail
              (9 damage)
             ... on level 3 of the Dungeon.
             The game lasted 00:04:55 (3013 turns).

wormed the Cudgeller (Demonspawn Berserker)         Turns: 3013, Time: 00:04:56

Health: -1/42      AC: 10    Str: 25    XL:     5   Next: 27%
Magic:  5/5        EV: 13    Int:  8    God:    Trog [***...]
Gold:   121        SH:  0    Dex: 13    Spells: 4/4 levels left

rFire   . . .      SeeInvis .   h - +1 whip (flame)
rCold   . . .      Faith    .   (no shield)
rNeg    . . .      Spirit   .   q - +0 chain mail
rPois   .          Reflect  .   (helmet restricted)
rElec   .          Harm     .   (no cloak)
rCorr   .          Rampage  .   (no gloves)
Will    .....                   (no boots)
Stlth   ..........              (no amulet)
HPRegen 0.14/turn               g - +6 ring of strength
MPRegen 0.09/turn               k - +4 ring of evasion

@: no status effects
A: antennae 2, icy blue scales 1
a: Renounce Religion, Berserk, Trog's Hand


You were on level 3 of the Dungeon.
You worshipped Trog.
Trog was most pleased with you.
You visited 1 branch of the dungeon, and saw 3 of its levels.

You collected 121 gold pieces.

Inventory:

Hand Weapons
 a - a +0 mace
 h - a +1 whip of flaming (weapon)
Armour
 q - a +0 chain mail (worn)
Jewellery
 g - a +6 ring of strength (left hand)
 k - a +4 ring of evasion (right hand)
Scrolls
 c - 3 scrolls of identify {unknown}
 e - 3 scrolls of teleportation {unknown}
 i - a scroll of vulnerability {unknown}
 m - a scroll of fog {unknown}
 o - a scroll of silence {unknown}
 s - a scroll of noise {unknown}
Potions
 b - 2 potions of lignification {unknown}
 d - a potion of degeneration {unknown}
 f - a potion of berserk rage {unknown}
 j - a potion of brilliance {unknown}
 l - a potion of cancellation {unknown}
 n - 2 potions of might {unknown}
 p - 2 potions of curing {unknown}
 r - a potion of heal wounds


   Skills:
 + Level 3.7 Fighting
 * Level 4.0 Maces & Flails
 + Level 2.6 Armour
 + Level 2.7 Dodging


You had 4 spell levels left.
You didn't know any spells.
Your spell library was empty.

Dungeon Overview and Level Annotations

Branches:
Dungeon (3/15)

Altars:

Annotations:
D:3 Natasha


Innate Abilities, Weirdness & Mutations

You have a pair of antennae on your head.
You are partially covered in icy blue scales. (AC +2)


Message History

A gnoll comes into view. It is wielding a +0 halberd.
A gnoll comes into view. It is wielding a +0 flail.
The gnoll barely misses you.
You struggle against the net.
The gnoll closely misses you.
You tear a large gash into the net.
The gnoll barely misses you.
The gnoll hits you from afar with a +0 halberd.
You struggle against the net.
The gnoll hits you from afar with a +0 halberd.
The gnoll closely misses you.
You rip the net and break free!
The gnoll barely misses you. The gnoll misses you.
You hit the gnoll. You burn the gnoll.
The gnoll is heavily wounded.
The gnoll hits you from afar with a +0 halberd.
The gnoll hits you from afar with a +0 halberd!
The gnoll barely misses you.
You hit the gnoll. You burn the gnoll.
The gnoll is severely wounded.
The gnoll completely misses you. The gnoll closely misses you.
The gnoll hits you with a +0 flail. The gnoll hits you but does no damage.
You barely miss the gnoll.
The gnoll is severely wounded.
You hit the gnoll. You burn the gnoll.
The gnoll is almost dead.
The gnoll barely misses you. The gnoll hits you but does no damage.
The gnoll hits you with a +0 whip. The gnoll barely misses you.
You hit the gnoll but do no damage.
The gnoll is almost dead.
The gnoll hits you but does no damage. The gnoll closely misses you. x2
The gnoll barely misses you.
You hit the gnoll. You burn the gnoll.
The gnoll is moderately wounded.
The gnoll hits you with a +0 flail.
The gnoll hits you from afar with a +0 halberd.
* * * LOW HITPOINT WARNING * * *
The gnoll barely misses you. The gnoll misses you.
You hit the gnoll. You burn the gnoll.
The gnoll is heavily wounded.
The gnoll barely misses you. x3; The gnoll hits you with a +0 flail!
You die...

..# ##.#...##.# ..###
#.#...# .... ....#
#.#...# ...# ..#.#
#.########... ###.#
#.# #....... #.# #.#
#....... #.#####.#
#...gg.. #...#...#
#...g#
###.#...###..g@##.#
#.#...'.........#
#.#...##....#####
#.######....##########
#.## #....##.......#
#^.#####.#...#)#####.#
##....##.#.#.#.....#<#
###...........###.#.#
#.##..#####.# #.###


You could see 4 gnolls.

Vanquished Creatures
  Natasha (D:3)
  Robin (D:3)
  3 adders
  5 worms
  2 dart slugs
  2 orcs (D:3)
  10 endoplasms
  A giant cockroach (D:1)
  12 goblins
  12 hobgoblins
  A jackal (D:3)
  2 quokkas
  2 ball pythons (D:1)
  6 bats
  9 frilled lizards
  9 kobolds
  17 rats
95 creatures vanquished.

Notes
Turn   | Place    | Note
-------+----------+-------------------------------------------
     0 | D:1      | wormed the Demonspawn Berserker began the quest for the
                  | Orb.
     0 | D:1      | Reached XP level 1. HP: 18/18 MP: 1/1
   284 | D:1      | Gained mutation: You are partially covered in icy blue
                  | scales. (AC +2) [demonic ancestry]
   284 | D:1      | Reached XP level 2. HP: 21/24 MP: 2/2
   292 | D:1      | Reached skill level 3 in Maces & Flails
   453 | D:1      | Found a faded altar of an unknown god.
   816 | D:1      | Gained mutation: You have a pair of small antennae on your
                  | head. [demonic ancestry]
   816 | D:1      | Reached XP level 3. HP: 29/29 MP: 3/3
   919 | D:1      | Reached ** piety under Trog
  1783 | D:2      | Reached XP level 4. HP: 25/35 MP: 4/4
  2457 | D:3      | Noticed Natasha
  2467 | D:3      | Killed Natasha
  2488 | D:3      | Noticed Natasha
  2768 | D:3      | Reached *** piety under Trog
  2782 | D:3      | Gained mutation: You have a pair of antennae on your head.
                  | [demonic ancestry]
  2782 | D:3      | Reached XP level 5. HP: 40/41 MP: 5/5
  2797 | D:3      | Noticed Robin
  2837 | D:3      | Reached skill level 4 in Maces & Flails
  2840 | D:3      | Killed Robin
  3013 | D:3      | Slain by a gnoll

Illustrated notes

Levels and vault maps discovered:
D:1:      lemuel_arrival_river_ford, layout_rooms,
          hellmonk_ecumenical_altar_arch_garden, patterned_corridor
D:2:      layout_loops_cross, minmay_rat_gold_closets
D:3:      minmay_chambers_of_threes, layout_basic, nicolae_shop_vocational,
          uniq_robin, uniq_natasha

Skill      XL: |  1  2  3  4  5 |
---------------+----------------+-----
Maces & Flails | 3 4 |  4.0
Armour         | 2 |  2.6
Dodging        | 2 |  2.7
Fighting       | |  3.7

Action                   |  1- 3 |  4- 6 || total
-------------------------+-------+-------++-------
Melee: Mace              |    40 |       ||    40
       Whip              |    80 |   138 ||   218
       Punch             |     1 |     1 ||     2
 Stab: Sleeping          |       |     1 ||     1
Armor: Animal skin       |     9 |       ||     9
       Leather armour    |     9 |     8 ||    17
       Chain mail        |       |    32 ||    32
Dodge: Dodged            |    71 |    71 ||   142
